 Dungeon Crawl Stone Soup version 0.29.1-12-g30fa7ad0bf (webtiles) character file.

Game seed: 15550366034173443691

1798 retardedninja the Cleaver (level 8, -2/68 (73) HPs)
             Began as a Minotaur Fighter on Jan 17, 2023.
             Was an Initiate of Gozag.
             Slain by a wight
             ... wielding a +4 halberd
              (3 damage)
             ... on level 6 of the Dungeon.
             The game lasted 00:07:48 (6960 turns).

retardedninja the Cleaver (Minotaur Fighter)        Turns: 6960, Time: 00:07:49

HP:   -2/68 (73)    AC: 11    Str: 23    XL:     8   Next: 83%
MP:   7/7           EV:  8    Int:  5    God:    Gozag
Gold: 249           SH:  5    Dex: 10    Spells: 7/7 levels left

rFire   . . .      SeeInvis .   a - +0 war axe
rCold   . . .      Faith    .   c - +0 buckler
rNeg    . . .      Spirit   .   z - +0 chain mail
rPois   .          Reflect  .   (helmet restricted)
rElec   .          Harm     .   q - +0 cloak
rCorr   .          Rampage  .   (no gloves)
Will    .....                   (no boots)
Stlth   ..........              (no amulet)
HPRegen 0.21/turn               (no ring)
MPRegen 0.10/turn               (no ring)

@: drained
A: horns 2, retaliatory headbutt
a: Renounce Religion, Potion Petition, Call Merchant, Bribe Branch


You were on level 6 of the Dungeon.
You worshipped Gozag.
Gozag was aware of your devotion.
You visited 2 branches of the dungeon, and saw 7 of its levels.
You also visited: Ossuary.

You collected 355 gold pieces.
You paid 106 gold pieces to Gozag.

Inventory:

Hand Weapons
 a - a +0 war axe (weapon)
Missiles
 g - a throwing net (quivered)
Armour
 b - a +0 scale mail
 c - a +0 buckler (worn)
 q - a +0 cloak (worn)
 z - a +0 chain mail (worn)
Jewellery
 o - a ring of flight
 w - a ring of poison resistance
 B - a ring of ice
Scrolls
 e - 2 scrolls of butterflies {unknown}
 f - 4 scrolls of teleportation
 l - a scroll of enchant armour {unknown}
 t - 3 scrolls of amnesia
 u - a scroll of brand weapon {unknown}
 x - a scroll of torment {unknown}
 y - a scroll of blinking
 A - a scroll of summoning {unknown}
 C - a scroll of poison {unknown}
 D - 2 scrolls of identify
Potions
 d - a potion of might
 h - 2 potions of invisibility {unknown}
 i - a potion of cancellation {unknown}
 j - 2 potions of brilliance {unknown}
 k - a potion of attraction
 m - 4 potions of curing
 n - a potion of degeneration {unknown}
 p - a potion of mutation {unknown}
 r - 2 potions of lignification
 s - a potion of berserk rage {unknown}
 v - 2 potions of flight {unknown}


   Skills:
 + Level 7.1 Fighting
 * Level 9.0 Axes
 + Level 7.1 Armour
 + Level 7.1 Shields


You had 7 spell levels left.
You didn't know any spells.
Your spell library contained the following spells:

 Spells                   Type           Power      Damage    Failure   Level
 Magic Dart               Conj           0%         1d3       99%         1
 Sting                    Tmut/Pois      0%         1d3       99%         1
 Call Imp                 Summ           0%         N/A       100%        2
 Sublimation of Blood     Necr           0%         N/A       100%        2
 Wereblood                Tmut           0%         N/A       100%        2
 Conjure Flame            Conj/Fire      0%         6-21      100%        3
 Ignite Poison            Fire/Tmut/Pois 0%         N/A       100%        3
 Mephitic Cloud           Conj/Pois/Air  0%         N/A       100%        3
 Iskenderun's Mystic Bla  Conj/Tloc      0%         2d3       100%        4
 Sticky Flame             Conj/Fire      0%         2d3       100%        4
 Dragon Form              Tmut           0%         N/A       100%        7
 Summon Hydra             Summ           0%         N/A       100%        7


Dungeon Overview and Level Annotations

Branches:
Dungeon (6/15)             Temple (1/1) D:6         Ossuary (visited)

Altars:
Ashenzari
Cheibriados
Dithmenos
Elyvilon
Gozag
Hepliaklqana
Kikubaaqudgha
Makhleb
Qazlal
Ru
Trog
Vehumet
Wu Jian
Xom
Zin
The Shining One

Shops:
D:5 *


Innate Abilities, Weirdness & Mutations

You have a pair of horns on your head.
You reflexively headbutt those who attack you in melee.


Message History

The wight is heavily damaged.
The wight hits you but does no damage.
You hit the wight but do no damage.
The wight is heavily damaged.
The wight hits you with a +2 short sword.
You feel drained.
You closely miss the wight. You headbutt the wight.
The wight is heavily damaged.
The wight hits you but does no damage.
You barely miss the wight.
The wight is heavily damaged.
The wight is distracted by your dazzling golden aura.
You slash the wight!
You destroy the wight!
You now have 249 gold pieces (gained 6).
Things that are here:
a +2 short sword; a +0 robe You start resting.
A wight comes into view. It is wielding a +4 halberd.
A wight is nearby!
A wight is nearby!
A wight is nearby!
The wight barely misses you.
Things that are here:
6 gold pieces; a +4 great sword of freezing; a +0 robe The wight closely misses you.
A wight comes into view. It is wielding a +3 flail.
The howler monkey howls!
You hit the wight but do no damage. The wight hits you with a +4 halberd.
You closely miss the wight. You block the wight's attack.
The wight attacks as you move away! The wight hits you with a +3 flail!
* * * LOW HITPOINT WARNING * * *
The wight attacks as you move away! The wight hits you with a +4 halberd.
* * * LOW HITPOINT WARNING * * *
You feel drained.
The wight hits you from afar with a +4 halberd!
* * * LOW HITPOINT WARNING * * *
You feel drained.
You die...
Your body crumbles into a pile of gold.

....>...# #.........
...<....# #.........
........# #.........
........# #.#...####
##.#...#####.#..##
#....#.......#.##
#..#########.#.#
.......#......z####
.........####.z.@.####
.........####.###)...#
..............#
####..#
..............# .#
..............# .#
..............# .#
......~♣~~♣♣~♣♣ #
..~♣~♣~♣♣♣~P~~♣ ~
♣~~~~~~S♣~♣


You could see 2 wights.

Vanquished Creatures
  Sigmund (D:2)
  An ice beast (D:5)
  2 black bears (D:5)
  2 ogres
  A centaur (D:6)
  An elf zombie (Ossuary)
  A phantom (D:4)
  4 scorpions
  2 wights (D:6)
  A howler monkey (D:5)
  A vampire bat (D:3)
  A centaur zombie (Ossuary)
  A human zombie (Ossuary)
  A jelly (D:4)
  2 hounds
  Jessica (D:2)
  4 iguanas
  Terence (D:2)
  An orc wizard (D:3)
  Robin (D:2)
  2 mummies (Ossuary)
  6 adders
  2 shadow imps (D:5)
  An adder zombie (Ossuary)
  3 worms
  6 orcs
  10 bats
  6 endoplasms
  4 giant cockroaches
  15 goblins
  10 hobgoblins
  3 jackals (D:3)
  5 kobolds
  3 quokkas
  6 ball pythons
  A frilled lizard (D:1)
  3 goblin zombies (Ossuary)
  13 hobgoblin zombies (Ossuary)
  8 kobold zombies (Ossuary)
  8 orc zombies (Ossuary)
  7 rats
  A rat zombie (Ossuary)
153 creatures vanquished.

Vanquished Creatures (others)
  25 plants
25 creatures vanquished.

Grand Total: 178 creatures vanquished

Notes
Turn   | Place    | Note
-------+----------+-------------------------------------------
     0 | D:1      | retardedninja the Minotaur Fighter began the quest for the
                  | Orb.
     0 | D:1      | Reached XP level 1. HP: 19/19 MP: 0/0
   437 | D:1      | Reached XP level 2. HP: 27/27 MP: 1/1
   932 | D:2      | Noticed Sigmund
   940 | D:2      | Killed Sigmund
   941 | D:2      | Reached skill level 4 in Axes
   941 | D:2      | Reached XP level 3. HP: 27/34 MP: 2/2
   941 | D:2      | Reached XP level 4. HP: 32/41 MP: 3/3
   941 | D:2      | Reached XP level 5. HP: 37/47 MP: 4/4
  1008 | D:2      | Noticed Terence
  1018 | D:2      | Killed Terence
  1119 | D:2      | Noticed Jessica
  1129 | D:2      | Killed Jessica
  1513 | D:2      | Got the Compendium of Changed Elsewhere
  1523 | D:2      | Reached skill level 5 in Axes
  1523 | D:2      | Found a faded altar of an unknown god.
  1856 | D:2      | Noticed Robin
  1867 | D:2      | Killed Robin
  1868 | D:2      | Reached XP level 6. HP: 42/55 MP: 5/5
  2658 | D:3      | Reached skill level 5 in Fighting
  2671 | D:3      | Reached skill level 5 in Armour
  2671 | D:3      | Reached skill level 5 in Shields
  2827 | D:3      | Found a sacrificial altar of Ru.
  3170 | D:4      | Reached skill level 6 in Axes
  3519 | D:4      | Reached XP level 7. HP: 34/61 MP: 6/6
  4678 | D:5      | Entered Level 5 of the Dungeon
  4744 | D:5      | Found Nomiuluh's Lightly-Used Armoury.
  4805 | D:5      | Reached skill level 7 in Axes
  4843 | D:5      | Found a sand-covered staircase.
  4851 | Ossuary  | Entered an ossuary
  5293 | Ossuary  | Reached XP level 8. HP: 66/70 MP: 7/7
  5582 | D:5      | Reached skill level 8 in Axes
  6659 | D:6      | Found an ornate altar of the Wu Jian Council.
  6687 | D:6      | Found a staircase to the Ecumenical Temple.
  6739 | Temple   | Entered the Ecumenical Temple
  6810 | Temple   | Became a worshipper of Gozag Ym Sagoz the Greedy
  6939 | D:6      | Reached skill level 9 in Axes
  6960 | D:6      | HP: 1/70 [wight/+4 halberd (7)]
  6960 | D:6      | Slain by a wight

Illustrated notes

Levels and vault maps discovered:
D:1:      matt_arrival_spirals, layout_basic
D:2:      layout_loops_ring, ebering_ecumenical_altar_ruins, minmay_door_square,
          uniq_sigmund, uniq_jessica, uniq_robin, uniq_terence
D:3:      layout_loops_ring, nicolae_ru_great_annihilating_truth,
          roderic_batcave
D:4:      cheibrodos_old_hovel, layout_basic, grunt_decor_clamped, st_stairs_14,
          minmay_distorted
D:5:      layout_basic, nicolae_ossuary_entry_plus, minivault_14,
          minmay_shop_damaged
D:6:      layout_rooms, mainiacjoe_overflow_small_starburst,
          minmay_temple_entry_statues, serial_bayou_lake_a
Temple:   eino_temple_lava

Skill      XL: |  1  2  3  4  5  6  7  8 |
---------------+-------------------------+-----
Fighting       | 4 5 6 7 |  7.1
Axes           | 4 5 6 7 9 |  9.0
Armour         | 4 5 6 7 |  7.1
Shields        | 4 5 6 7 |  7.1

Action                   |  1- 3 |  4- 6 |  7- 9 || total
-------------------------+-------+-------+-------++-------
Melee: War axe           |    30 |   146 |   150 ||   326
       Headbutt          |     6 |    23 |    27 ||    56
  Use: Scroll            |       |     6 |     6 ||    12
       Potion            |       |       |     6 ||     6
 Stab: Paralysed         |       |     2 |       ||     2
Armor: Scale mail        |    11 |    77 |    63 ||   151
       Chain mail        |       |       |    18 ||    18
Dodge: Dodged            |    11 |    59 |    61 ||   131
Block: Buckler           |     8 |    27 |    35 ||    70
